 Dungeon Crawl Stone Soup version 0.19.5 (webtiles) character file.

1332 JeffiDaFish the Cudgeler (level 8, -6/49 HPs)
             Began as a Gargoyle Fighter on Mar 7, 2017.
             Mangled by an ogre
             ... wielding a +0 giant club
              (19 damage)
             ... on level 6 of the Dungeon on Mar 8, 2017.
             The game lasted 00:13:37 (4371 turns).

JeffiDaFish the Cudgeler (Gargoyle Fighter)         Turns: 4371, Time: 00:13:38

Health: -6/49      AC: 18    Str: 19    XL:     8   Next: 61%
Magic:  8/8        EV:  6    Int: 10    God:
Gold:   425        SH: 10    Dex: 11    Spells: 0 memorised, 7 levels left

rFire  . . .     SeeInvis .     r - +2 flail (crush)
rCold  . . .     Gourm    .     a - +0 chain mail
rNeg   + + .     Faith    .     c - +0 shield
rPois  ∞         Spirit   .     o - +0 helmet
rElec  +         Reflect  .     (no cloak)
rCorr  .         Harm     .     j - +1 pair of gloves
MR     +....                    (no boots)
Stlth  ..........               (no amulet)
                                p - ring of protection from magic
                                i - ring of positive energy

@: no status effects
A: negative energy resistance 1, electricity resistance, unbreathing,
petrification resistance, rot immunity, AC +5
a: no special abilities


You were on level 6 of the Dungeon.
You were not hungry.

You visited 1 branch of the dungeon, and saw 6 of its levels.

You collected 425 gold pieces.

Inventory:

Hand Weapons
 r - a +2 flail of crushing (weapon)
Armour
 a - a +0 chain mail (worn)
 c - a +0 shield (worn)
 j - a +1 pair of gloves (worn)
 o - a +0 helmet (worn)
Jewellery
 h - the ring "Imosi" {*Corrode rPois rN+ Dex+3 Slay+2, unknown}
   (You found it on level 6 of the Dungeon)

   [ring of poison resistance]

   It affects your dexterity (+3).
   It affects your accuracy and damage with ranged weapons and melee attacks
   (+2).
   It protects you from poison.
   It protects you from negative energy.
   It may corrode you when you take damage.
 i - a ring of positive energy (left hand)
 p - a ring of protection from magic (right hand)
Wands
 l - a wand of heal wounds (2/9)
Scrolls
 m - 5 scrolls of identify
Potions
 e - 2 potions of curing
 k - 2 potions of brilliance
Comestibles
 b - 3 meat rations
 d - 10 chunks of flesh
 f - 3 bread rations
 g - a slice of pizza
 n - 4 fruits


   Skills:
 + Level 5.3 Fighting
 + Level 6.7 Maces & Flails
 + Level 5.1 Armour
 + Level 2.2 Dodging
 + Level 1.7 Stealth
 + Level 5.9 Shields
 + Level 1.0 Unarmed Combat


You had 7 spell levels left.
You didn't know any spells.

Dungeon Overview and Level Annotations

Branches:
Dungeon (6/15)
 Temple: D:4-7

Altars:
Ashenzari
Cheibriados
Gozag
Kikubaaqudgha
Qazlal
Ru
Sif Muna
Xom
Zin

Shops:
D:6 (


Innate Abilities, Weirdness & Mutations

You are resistant to torment.
Your stone body is resilient. (AC +5)
You are immune to poison.
You resist negative energy. (rN+)
You are resistant to electric shocks. (rElec)
You can survive without breathing.
You are immune to petrification.
You are immune to rotting.


Message History

The orc wizard hits you with a dagger.
The adder zombie bites you but does no damage.
The orc wizard hits you but does no damage.
Okay, then.
You hit the orc wizard.
The orc wizard is moderately wounded.
The adder zombie bites you.
* * * LOW HITPOINT WARNING * * *
The orc wizard hits you but does no damage.
You hit the orc wizard.
The orc wizard is severely wounded.
The adder zombie bites you but does no damage.
You block the orc wizard's attack.
You thump the orc wizard!
You kill the orc wizard!
The adder zombie bites you but does no damage.
Your shield and chain mail prevent you from hitting the ogre.
The adder zombie bites you but does no damage.
The ogre hits you with a giant club!!
You die...

#.5.O....#
##)####(##
#..# #(# ##.#
#5# ##o# #o#
###..###.#
##.O.....)#
#o#######.#
#.#O@≈≈≈..#.
#.#..)Z..≈..#
#.#...≈$_.≈...
##.#.?≈...≈..#
##.#..≈≈≈..#.
##.#######.# #
+


You could see an ogre, an orc priest and an adder zombie.

Vanquished Creatures
  The ghost of Naiya55 the Geomancer, a novice GrEE of Vehumet (D:5)
  Edmund (D:4)
  2 ogres
  A black bear (D:6)
  A centaur (D:6)
  A scorpion (D:6)
  A crimson imp (D:5)
  A hound (D:6)
  An orc priest (D:6)
  A jelly (D:5)
  Natasha (thrice) (D:2)
  An orc wizard (D:6)
  A worker ant (D:5)
  9 gnolls
  4 adders
  A shadow imp (D:5)
  2 adder skeletons
  A worm (D:3)
  2 dart slugs (D:2)
  3 leopard geckos
  14 orcs
  6 ball pythons
  4 bats
  6 giant cockroaches
  18 goblins
  11 hobgoblins
  10 jackals
  A quokka (D:5)
  A ball python skeleton (D:5)
  2 frilled lizards
  5 kobolds
  2 leopard gecko skeletons (D:4)
  A quokka skeleton (D:5)
  4 rats
123 creatures vanquished.

Notes
Turn   | Place    | Note
-------+----------+-------------------------------------------
     0 | D:1      | JeffiDaFish the Gargoyle Fighter began the quest for the Orb.
     0 | D:1      | Reached XP level 1. HP: 14/14 MP: 1/1
    81 | D:1      | Reached XP level 2. HP: 19/19 MP: 2/2
   246 | D:1      | Reached XP level 3. HP: 16/23 MP: 3/3
   952 | D:2      | Reached XP level 4. HP: 29/29 MP: 4/4
  1285 | D:2      | Noticed Natasha
  1286 | D:2      | Found a glowing silver altar of Zin.
  1294 | D:2      | Killed Natasha
  1294 | D:2      | Reached skill level 3 in Maces & Flails
  1495 | D:2      | Noticed Natasha
  1508 | D:2      | Killed Natasha
  1508 | D:2      | Reached XP level 5. HP: 11/33 MP: 5/5
  1677 | D:2      | Noticed Natasha
  1688 | D:2      | Killed Natasha
  2471 | D:3      | Found a snail-covered altar of Cheibriados.
  2743 | D:4      | Reached XP level 6. HP: 30/38 MP: 6/6
  2881 | D:4      | Found a shimmering altar of Xom.
  2891 | D:4      | Reached skill level 1 in Dodging
  2904 | D:4      | Found an ancient bone altar of Kikubaaqudgha.
  2905 | D:4      | Found a shattered altar of Ashenzari.
  2905 | D:4      | Found a deep blue altar of Sif Muna.
  2907 | D:4      | Found an opulent altar of Gozag.
  2908 | D:4      | Found a stormy altar of Qazlal.
  2909 | D:4      | Found a sacrificial altar of Ru.
  3045 | D:4      | Noticed Edmund
  3086 | D:4      | Killed Edmund
  3086 | D:4      | Reached skill level 4 in Maces & Flails
  3086 | D:4      | Reached skill level 1 in Stealth
  3230 | D:5      | Entered Level 5 of the Dungeon
  3247 | D:5      | Reached XP level 7. HP: 30/44 MP: 7/7
  3449 | D:5      | Reached skill level 5 in Shields
  3487 | D:5      | Noticed Naiya55's ghost (novice GrEE)
  3732 | D:5      | Killed Naiya55's ghost
  3732 | D:5      | Reached skill level 5 in Maces & Flails
  3732 | D:5      | Reached skill level 1 in Unarmed Combat
  3732 | D:5      | Reached XP level 8. HP: 16/48 MP: 8/8
  4045 | D:5      | Reached skill level 5 in Fighting
  4239 | D:6      | Found March's Antique Weapon Boutique.
  4248 | D:6      | Reached skill level 6 in Maces & Flails
  4307 | D:6      | Got a glittering turquoise ring
  4319 | D:6      | Reached skill level 5 in Armour
  4361 | D:6      | Found a sacrificial altar of Ru.
  4371 | D:6      | Mangled by an ogre

Skill      XL: |  1  2  3  4  5  6  7  8 |
---------------+-------------------------+-----
Shields        | 4 5 |  5.9
Maces & Flails | 3 4 5 6 |  6.7
Armour         | 4 5 |  5.1
Fighting       | 4 5 |  5.3
Dodging        | 1 2 |  2.2
Stealth        | 1 |  1.7
Unarmed Combat | 1 |  1.0

Action                   |  1- 3 |  4- 6 |  7- 9 || total
-------------------------+-------+-------+-------++-------
Melee: Flail             |   100 |   253 |   111 ||   464
       Unarmed           |       |     9 |       ||     9
  Use: Potion            |     4 |     5 |     2 ||    11
       Scroll            |     7 |     7 |     5 ||    19
 Stab: Confused          |       |     1 |       ||     1
  Eat: Chunk             |       |     8 |     4 ||    12
Armor: Scale mail        |    57 |   146 |       ||   203
       Chain mail        |       |    27 |    77 ||   104
       Skin              |       |     1 |       ||     1
Dodge: Dodged            |    23 |    74 |    27 ||   124
Block: Shield            |    58 |   147 |    48 ||   253
